 Dungeon Crawl Stone Soup version 0.22.1-2-g9c5b331383 (webtiles) character file.

88 Ihlosi the Chiller (level 4, -1/25 HPs)
             Began as a Kobold Ice Elementalist on Jan 5, 2019.
             Slain by Sigmund
             ... wielding a +0 scythe
              (11 damage)
             ... on level 3 of the Dungeon.
             The game lasted 00:05:14 (3089 turns).

Ihlosi the Chiller (Kobold Ice Elementalist)        Turns: 3089, Time: 00:05:15

Health: -1/25      AC:  2    Str: 10    XL:     4   Next: 82%
Magic:  8/8        EV: 15    Int: 17    God:
Gold:   94         SH:  0    Dex: 15    Spells: 8/9 levels left

rFire    . . .     SeeInvis .   (weapon restricted)
rCold    . . .     Gourm    .   (shield restricted)
rNeg     . . .     Faith    .   a - +0 robe
rPois    .         Spirit   .   (no helmet)
rElec    .         Reflect  .   (no cloak)
rCorr    .         Harm     .   (no gloves)
MR       .....                  (no boots)
Stlth    +.........             (no amulet)
HPRegen  0.08/turn              (no ring)
MPRegen  0.11/turn              (no ring)

@: confused, mighty
A: small, carnivore
a: no special abilities


You were on level 3 of the Dungeon.
You were very full.

You visited 1 branch of the dungeon, and saw 3 of its levels.

You collected 94 gold pieces.

Inventory:

Missiles
 p - 2 curare-tipped needles
Armour
 a - a +0 robe (worn)
Scrolls
 b - a scroll of enchant weapon {unknown}
 d - a scroll of remove curse {unknown}
 f - 3 scrolls of identify {unknown}
 j - 3 scrolls of teleportation {unknown}
 l - a scroll of blinking {unknown}
Potions
 h - a potion of brilliance {unknown}
 i - a potion of degeneration {unknown}
 k - a potion of curing {unknown}
 m - a potion of flight {unknown}
 n - a potion of agility {unknown}
 o - a potion of cancellation {unknown}
Comestibles
 c - 3 rations


   Skills:
 * Level 1.1 Fighting
 * Level 2.8 Dodging
 * Level 3.2 Stealth
 * Level 3.2 Spellcasting
   Level 1.0 Conjurations
 * Level 4.0 Ice Magic


You had 8 spell levels left.
You knew the following spells:

 Your Spells              Type           Power        Failure   Level  Hunger
a - Freeze                Ice            ###.         3%          1    None

Your spell library contained the following spells:

 Spells                   Type           Power        Failure   Level  Hunger
 Throw Frost              Conj/Ice       ##....       10%         2    ##.....
 Ozocubu's Armour         Chrm/Ice       #.......     22%         3    ###....
 Throw Icicle             Conj/Ice       ##......     52%         4    ####...
 Summon Ice Beast         Ice/Summ       #.......     58%         4    ####...


Dungeon Overview and Level Annotations

Branches:
Dungeon (3/15)

Altars:
Makhleb
Trog

Annotations:
D:3 Sigmund


Innate Abilities, Weirdness & Mutations

You are small and have problems with some larger weapons.
You are carnivorous and can eat meat at any time.


Message History

You're too confused to move!
A magic dart appears from out of thin air!
The magic dart hits you!
You bump into the rock wall.
You feel less confused.
You are confused.
You bump into the rock wall.
You are more confused.
You bump into the rock wall.
It was a potion of heal wounds.
You feel much better. Something hits you! Something hits you.
You bump into the rock wall.
You hear some strange, mumbled words.
Something tries to affect you, but you resist.
You're too confused!
It was a potion of might.
You feel very mighty all of a sudden. Something hits you!
You die...

.........# ##......(.....#####
##.......# #.####.##........#
#.......# #.###......÷.†...#
#.......# #..##............#
#.......# ##.##............###
#.......# #.##..............#
#.......#####.##............#.#
########........#.#..<......#)#
#.......@#.#..######.#.#
#........#.#..# #.#.#
#........#.#..# #.#.#
#........#.#.. #.#.#
#........#.#..# #.#.#
#........#.#..# #.#.#
#......†.#.#..# #.#.#
####...#...#..# #.#.#
#...##..#..# #.#.#


There were no monsters in sight!

Vanquished Creatures
  4 adders (D:2)
  2 worms
  3 leopard geckos
  2 orcs (D:3)
  7 bats
  2 giant cockroaches (D:1)
  3 goblins
  8 hobgoblins
  2 jackals (D:2)
  6 frilled lizards
  A kobold (D:2)
  2 rats (D:3)
42 creatures vanquished.

Notes
Turn   | Place    | Note
-------+----------+-------------------------------------------
     0 | D:1      | Ihlosi the Kobold Ice Elementalist began the quest for the
                  | Orb.
     0 | D:1      | Reached XP level 1. HP: 10/10 MP: 3/3
   282 | D:1      | Reached XP level 2. HP: 16/16 MP: 1/5
  1093 | D:2      | Reached XP level 3. HP: 19/20 MP: 4/7
  1574 | D:2      | Reached XP level 4. HP: 22/24 MP: 6/8
  1786 | D:2      | Found a bloodstained altar of Trog.
  1978 | D:2      | Reached skill level 1 in Fighting
  2296 | D:3      | Found a burning altar of Makhleb.
  2305 | D:3      | Noticed Sigmund
  2825 | D:3      | Reached skill level 4 in Ice Magic
  3089 | D:3      | Slain by Sigmund

Skill      XL: |  1  2  3  4 |
---------------+-------------+-----
Stealth        | 3 |  3.2
Spellcasting   | 3 |  3.2
Fighting       | 1 |  1.1
Ice Magic      | 4 |  4.0
Dodging        | |  2.8
Conjurations   | |  1.0

Action                   |  1- 3 |  4- 6 || total
-------------------------+-------+-------++-------
Melee: Unarmed           |     9 |     1 ||    10
 Cast: Freeze            |    40 |    37 ||    77
  Use: Potion            |       |     2 ||     2
 Stab: Sleeping          |     1 |       ||     1
  Eat: Chunk             |     9 |     5 ||    14
Armor: Robe              |     9 |     2 ||    11
Dodge: Dodged            |    30 |    21 ||    51
